TOP OF THE 1ST |
Montreal Expos batting - Pitching for Texas Rangers : RHP Pimbly Nimblebottom
|
Pitching: RHP Pimbly Nimblebottom
|
|
Batting: RHB Hugo Bautista
|
0-0: Ball 1-0: Ball 2-0: Ball 3-0: Called Strike 3-1: Foul Ball, location: 2F 3-2: Base on Balls
|
Batting: RHB Steve French
|
0-0: Ball 1-0: Ball 2-0: Foul Ball, location: 2F 2-1: Called Strike 2-2: Ball 3-2: Foul Ball, location: 2F 3-2: Ground out 5-3 (Groundball, 5L, EV 90.6 MPH) Hugo Bautista to second
|
Batting: LHB Austin Ohmer
|
0-0: Ball 1-0: 2-RUN HOME RUN (Flyball, 9LD, EV 92.5 MPH), Distance : 346 ft
|
Batting: RHB Mike Salmon
|
0-0: Swinging Strike 0-1: Called Strike 0-2: Foul Ball, location: 2F 0-2: Ball 1-2: Ball 2-2: SOLO HOME RUN (Flyball, 9D, EV 97.5 MPH), Distance : 368 ft
|
Batting: LHB Steve Anderson
|
0-0: Foul Ball, location: 2F 0-1: Ball 1-1: Foul Ball, location: 2F 1-2: Ball 2-2: Ground out 4-3 (Groundball, 4, EV 85.0 MPH)
|
Batting: RHB Robby Juarez
|
0-0: Ball 1-0: Called Strike 1-1: Swinging Strike 1-2: Foul Ball, location: 2F 1-2: Strikes out swinging
|
Top of the 1st over - 3 runs, 2 hits, 0 errors, 0 left on base; Montreal 3 - Texas 0 |
BOTTOM OF THE 1ST |
Texas Rangers batting - Pitching for Montreal Expos : LHP Kyle Schlosschlonghair
|
Pitching: LHP Kyle Schlosschlonghair
|
|
Batting: SHB Jun Tsuda
|
0-0: Ball 1-0: Called Strike 1-1: Ball 2-1: Ball 3-1: Foul Ball, location: 2F 3-2: SOLO HOME RUN (Flyball, 7D, EV 94.4 MPH), Distance : 360 ft
|
Batting: RHB Bobby Ayala
|
0-0: Ball 1-0: DOUBLE (Line Drive, 89D, EV 101.2 MPH)
|
Pinch Runner at 2nd Sean Geisler:
|
|
Batting: SHB John Giesbrecht
|
0-0: Ball 1-0: Swinging Strike 1-1: Ball 2-1: Fly out, F9 (Flyball, 9LS, EV 91.9 MPH)
|
Batting: RHB Adriaan Boessenkool
|
0-0: SINGLE (Groundball, 6MD, EV 97.5 MPH) Sean Geisler to third Runner from 3rd tries for Home, SAFE, throw by CF to home
|
Batting: RHB Butch Kaiser
|
0-0: Ball 1-0: Ball 2-0: Called Strike 2-1: Swinging Strike 2-2: SINGLE (Flyball, 3D, EV 88.1 MPH) Adriaan Boessenkool to second Adriaan Boessenkool to third
|
Batting: RHB Ray Llewellyn
|
0-0: Called Strike 0-1: Ball 1-1: Ball 2-1: Ball 3-1: Swinging Strike 3-2: Base on Balls Butch Kaiser to second
|
Batting: RHB Zhao-ji Chi
|
0-0: DOUBLE (Groundball, 5L, EV 108.1 MPH) Adriaan Boessenkool scores Butch Kaiser scores Ray Llewellyn to third Runner from 3rd tries for Home, throw by LF and OUT! 7-6-2 Zhao-ji Chi to third
|
Batting: LHB Andy Bowman
|
0-0: Swinging Strike 0-1: Ball 1-1: SINGLE (Line Drive, 7S, EV 88.8 MPH) Zhao-ji Chi scores
|
Batting: RHB Cody Flowers
|
0-0: Swinging Strike 0-1: Ball 1-1: Ball 2-1: Foul Ball, location: 2F 2-2: Strikes out looking
|
Bottom of the 1st over - 5 runs, 6 hits, 0 errors, 1 left on base; Montreal 3 - Texas 5 |
TOP OF THE 2ND |
Montreal Expos batting - Pitching for Texas Rangers : RHP Pimbly Nimblebottom
|
Now at 1B: Sean Geisler
|
|
Batting: RHB Eugênio Asceno
|
0-0: Swinging Strike 0-1: Ball 1-1: Fly out, F8 (Flyball, 8RXD, EV 86.9 MPH)
|
Batting: LHB Davion Lewis
|
0-0: Swinging Strike 0-1: Swinging Strike 0-2: Ball 1-2: Strikes out swinging
|
Batting: SHB Bran Stark
|
0-0: Ball 1-0: Foul Ball, location: 2F 1-1: SINGLE (Groundball, 56S, EV 68.1 MPH) (infield hit)
|
Batting: RHB Hugo Bautista
|
0-0: Called Strike 0-1: Foul Ball, location: 2F 0-2: Hit by Pitch Bran Stark to second
|
Batting: RHB Steve French
|
0-0: Ball 1-0: Foul Ball, location: 2F 1-1: Called Strike 1-2: Ball 2-2: Ball 3-2: Foul Ball, location: 2F 3-2: Strikes out swinging
|
Top of the 2nd over - 0 runs, 1 hit, 0 errors, 2 left on base; Montreal 3 - Texas 5 |
BOTTOM OF THE 2ND |
Texas Rangers batting - Pitching for Montreal Expos : LHP Kyle Schlosschlonghair
|
Batting: SHB Jun Tsuda
|
0-0: Foul Ball, location: 2F 0-1: Ball 1-1: Foul Ball, location: 2F 1-2: Foul Ball, location: 2F 1-2: Foul Ball, location: 2F 1-2: Foul Ball, location: 2F 1-2: Ball 2-2: Ball 3-2: SINGLE (Line Drive, 34, EV 105.6 MPH)
|
Batting: LHB Sean Geisler
|
0-0: Called Strike 0-1: Ball 1-1: Ball 2-1: Ground out 4-3 (Groundball, 34D, EV 95.6 MPH) Jun Tsuda to second
|
Batting: SHB John Giesbrecht
|
0-0: DOUBLE (Line Drive, 89M, EV 105.6 MPH) Jun Tsuda scores
|
Pitching: LHP James Fisher
|
|
Batting: RHB Adriaan Boessenkool
|
0-0: Called Strike 0-1: Swinging Strike 0-2: Foul Ball, location: 2F 0-2: Ball 1-2: Foul Ball, location: 2F 1-2: Ball 2-2: Ball 3-2: Base on Balls
|
Batting: RHB Butch Kaiser
|
0-0: Fly out, F8 (Flyball, 8LD, EV 102.5 MPH)
|
Batting: RHB Ray Llewellyn
|
0-0: Foul Ball, location: 2F 0-1: Ball 1-1: Ball 2-1: Fly out, F8 (Line Drive, 8RM, EV 94.4 MPH)
|
Bottom of the 2nd over - 1 run, 2 hits, 0 errors, 2 left on base; Montreal 3 - Texas 6 |
TOP OF THE 3RD |
Montreal Expos batting - Pitching for Texas Rangers : RHP Pimbly Nimblebottom
|
Batting: LHB Austin Ohmer
|
0-0: Ball 1-0: Swinging Strike 1-1: Ball 2-1: Swinging Strike 2-2: Strikes out swinging
|
Batting: RHB Mike Salmon
|
0-0: Ball 1-0: Foul Ball, location: 2F 1-1: Swinging Strike 1-2: Ball 2-2: Ball 3-2: Foul Ball, location: 2F 3-2: Foul Ball, location: 2F 3-2: Base on Balls
|
Batting: LHB Steve Anderson
|
0-0: Ball 1-0: Ball 2-0: Called Strike 2-1: Foul Ball, location: 2F 2-2: Fly out, F7 (Line Drive, 78M, EV 90.6 MPH)
|
Batting: RHB Robby Juarez
|
0-0: Ball 1-0: Fly out, F6 (Popup, 25, EV 81.9 MPH)
|
Top of the 3rd over - 0 runs, 0 hits, 0 errors, 1 left on base; Montreal 3 - Texas 6 |
BOTTOM OF THE 3RD |
Texas Rangers batting - Pitching for Montreal Expos : LHP James Fisher
|
Batting: RHB Zhao-ji Chi
|
0-0: Ball 1-0: Fly out, F8 (Flyball, 89D, EV 86.9 MPH)
|
Batting: LHB Andy Bowman
|
0-0: Fly out, F7 (Flyball, 7D, EV 105.0 MPH)
|
Batting: RHB Cody Flowers
|
0-0: Ball 1-0: Foul Ball, location: 2F 1-1: Ball 2-1: DOUBLE (Line Drive, 8LXD, EV 109.4 MPH)
|
Batting: SHB Jun Tsuda
|
0-0: Called Strike 0-1: Ball 1-1: Ball 2-1: Called Strike 2-2: Fly out, F8 (Flyball, 89M, EV 95.0 MPH)
|
Bottom of the 3rd over - 0 runs, 1 hit, 0 errors, 1 left on base; Montreal 3 - Texas 6 |
TOP OF THE 4TH |
Montreal Expos batting - Pitching for Texas Rangers : RHP Pimbly Nimblebottom
|
Batting: RHB Eugênio Asceno
|
0-0: Ball 1-0: SINGLE (Groundball, 6D, EV 107.5 MPH)
|
Batting: LHB Davion Lewis
|
0-0: Ball 1-0: Called Strike 1-1: Fly out, F8 (Flyball, 78M, EV 83.1 MPH)
|
Batting: SHB Bran Stark
|
0-0: Swinging Strike 0-1: Foul Ball, location: 2F 0-2: Hit by Pitch Eugênio Asceno to second
|
Batting: RHB Hugo Bautista
|
0-0: Ball 1-0: Ball 2-0: Called Strike 2-1: Grounds into double play, 5-4-3 (Groundball, 56, EV 107.5 MPH)
|
Top of the 4th over - 0 runs, 1 hit, 0 errors, 1 left on base; Montreal 3 - Texas 6 |
BOTTOM OF THE 4TH |
Texas Rangers batting - Pitching for Montreal Expos : LHP James Fisher
|
Batting: LHB Sean Geisler
|
0-0: Reached via error on a dropped throw from 1B, E1 (Groundball, 34S, EV 88.1 MPH)
|
Batting: SHB John Giesbrecht
|
0-0: Ball 1-0: Called Strike 1-1: Ball 2-1: Fly out, F7 (Flyball, 7, EV 78.8 MPH)
|
Batting: RHB Adriaan Boessenkool
|
0-0: Called Strike 0-1: Fly out, F8 (Flyball, 8LM, EV 90.6 MPH)
|
Batting: RHB Butch Kaiser
|
0-0: Called Strike 0-1: Called Strike 0-2: 2-RUN HOME RUN (Flyball, 89XD, EV 110.6 MPH), Distance : 418 ft
|
Batting: RHB Ray Llewellyn
|
0-0: Called Strike 0-1: Foul Ball, location: 2F 0-2: Foul Ball, location: 2F 0-2: Ball 1-2: SINGLE (Groundball, 56D, EV 105.6 MPH)
|
Batting: RHB Zhao-ji Chi
|
0-0: Ball Ray Llewellyn is caught stealing 2nd base 2-4
|
Bottom of the 4th over - 2 runs, 2 hits, 1 error, 0 left on base; Montreal 3 - Texas 8 |
TOP OF THE 5TH |
Montreal Expos batting - Pitching for Texas Rangers : RHP Pimbly Nimblebottom
|
Batting: RHB Steve French
|
0-0: Ball 1-0: Called Strike 1-1: Called Strike 1-2: Ground out 5-3 (Groundball, 56, EV 92.5 MPH)
|
Batting: LHB Austin Ohmer
|
0-0: Foul Ball, location: 2F 0-1: Ball 1-1: Ball 2-1: Swinging Strike 2-2: Strikes out swinging
|
Batting: RHB Mike Salmon
|
0-0: Called Strike 0-1: Fly out, F4 (Popup, 34D, EV 62.5 MPH)
|
Top of the 5th over - 0 runs, 0 hits, 0 errors, 0 left on base; Montreal 3 - Texas 8 |
BOTTOM OF THE 5TH |
Texas Rangers batting - Pitching for Montreal Expos : LHP James Fisher
|
Batting: RHB Zhao-ji Chi
|
0-0: Ball 1-0: Ball 2-0: Called Strike 2-1: Foul Ball, location: 2F 2-2: Foul Ball, location: 2F 2-2: SINGLE (Groundball, 25, EV 69.4 MPH) (infield hit)
|
Batting: LHB Andy Bowman
|
0-0: Ball 1-0: Ball 2-0: Ball 3-0: Base on Balls Zhao-ji Chi to second
|
Pitching: RHP Chet Tague
|
|
Batting: RHB Cody Flowers
|
0-0: Ball 1-0: Ball 2-0: Ball 3-0: Base on Balls Zhao-ji Chi to third Andy Bowman to second
|
Batting: SHB Jun Tsuda
|
0-0: Swinging Strike 0-1: Foul Ball, location: 2F 0-2: Ball 1-2: Ball 2-2: Strikes out swinging
|
Batting: LHB Sean Geisler
|
0-0: Called Strike 0-1: Swinging Strike 0-2: Ball 1-2: Ball 2-2: Foul Ball, location: 2F 2-2: Foul Ball, location: 2F 2-2: Ball 3-2: Foul Ball, location: 2F 3-2: Foul Ball, location: 2F 3-2: Base on Balls Zhao-ji Chi scores Andy Bowman to third Cody Flowers to second
|
Batting: SHB John Giesbrecht
|
0-0: Ball 1-0: Foul Ball, location: 2F 1-1: Foul Ball, location: 2F 1-2: Ball 2-2: Ball 3-2: Base on Balls Andy Bowman scores Cody Flowers to third Sean Geisler to second
|
Batting: RHB Adriaan Boessenkool
|
0-0: Ball 1-0: Foul Ball, location: 2F 1-1: Swinging Strike 1-2: Ball 2-2: Foul Ball, location: 2F 2-2: Strikes out swinging
|
Batting: RHB Butch Kaiser
|
0-0: Ball 1-0: Called Strike 1-1: Foul Ball, location: 2F 1-2: Strikes out swinging
|
Bottom of the 5th over - 2 runs, 1 hit, 0 errors, 3 left on base; Montreal 3 - Texas 10 |
TOP OF THE 6TH |
Montreal Expos batting - Pitching for Texas Rangers : RHP Pimbly Nimblebottom
|
Batting: LHB Steve Anderson
|
0-0: Swinging Strike 0-1: Swinging Strike 0-2: Ball 1-2: Ball 2-2: Ball 3-2: SINGLE (Groundball, 4MD, EV 96.2 MPH)
|
Batting: RHB Robby Juarez
|
0-0: Ball 1-0: Swinging Strike 1-1: Foul Ball, location: 2F 1-2: Strikes out looking
|
Batting: RHB Eugênio Asceno
|
0-0: Ball 1-0: Called Strike 1-1: Ball 2-1: Foul Ball, location: 2F 2-2: Fly out, F9 (Line Drive, 9D, EV 93.8 MPH)
|
Pitching: LHP Shelby Rich
|
|
Pinch Hitting: RHB C.J. Beavers
|
0-0: Ball 1-0: Ball 2-0: Ball 3-0: Base on Balls Steve Anderson to second
|
Batting: SHB Bran Stark
|
0-0: Ball 1-0: Foul Ball, location: 2F 1-1: Ball 2-1: Called Strike 2-2: Fly out, F3 (Popup, 23F, EV 85.6 MPH)
|
Top of the 6th over - 0 runs, 1 hit, 0 errors, 2 left on base; Montreal 3 - Texas 10 |
BOTTOM OF THE 6TH |
Texas Rangers batting - Pitching for Montreal Expos : RHP Chet Tague
|
Now in LF: Bran Stark
|
|
Now in RF: C.J. Beavers
|
|
Batting: RHB Ray Llewellyn
|
0-0: Foul Ball, location: 2F 0-1: Ball 1-1: Called Strike 1-2: Fly out, F9 (Flyball, 9, EV 85.6 MPH)
|
Batting: RHB Zhao-ji Chi
|
0-0: Called Strike 0-1: DOUBLE (Flyball, 78D, EV 109.4 MPH)
|
Pitching: RHP Joel Beggs
|
|
Batting: LHB Andy Bowman
|
0-0: Called Strike 0-1: Swinging Strike 0-2: Ball 1-2: Ground out 4-3 (Groundball, 34, EV 76.2 MPH) Zhao-ji Chi to third
|
Batting: RHB Cody Flowers
|
0-0: Called Strike 0-1: Called Strike 0-2: Ball 1-2: Strikes out looking
|
Bottom of the 6th over - 0 runs, 1 hit, 0 errors, 1 left on base; Montreal 3 - Texas 10 |
TOP OF THE 7TH |
Montreal Expos batting - Pitching for Texas Rangers : LHP Shelby Rich
|
Batting: RHB Hugo Bautista
|
0-0: Ball 1-0: Called Strike 1-1: Fly out, F9 (Flyball, 9, EV 85.0 MPH)
|
Batting: RHB Steve French
|
0-0: Called Strike 0-1: Ball 1-1: Ball 2-1: Foul Ball, location: 2F 2-2: Ball 3-2: Strikes out swinging
|
Batting: LHB Austin Ohmer
|
0-0: Foul Ball, location: 2F 0-1: Ball 1-1: Swinging Strike 1-2: Ball 2-2: Foul Ball, location: 2F 2-2: Ball 3-2: Strikes out looking
|
Top of the 7th over - 0 runs, 0 hits, 0 errors, 0 left on base; Montreal 3 - Texas 10 |
BOTTOM OF THE 7TH |
Texas Rangers batting - Pitching for Montreal Expos : RHP Joel Beggs
|
Batting: SHB Jun Tsuda
|
0-0: Swinging Strike 0-1: Called Strike 0-2: Strikes out swinging
|
Batting: LHB Sean Geisler
|
0-0: Ball 1-0: Called Strike 1-1: Fly out, F8 (Flyball, 8LM, EV 77.5 MPH)
|
Batting: SHB John Giesbrecht
|
0-0: Ball 1-0: Ball 2-0: Called Strike 2-1: Foul Ball, location: 2F 2-2: Foul Ball, location: 2F 2-2: Ball 3-2: Foul Ball, location: 2F 3-2: Base on Balls
|
Batting: RHB Adriaan Boessenkool
|
0-0: Ball 1-0: Foul Ball, location: 2F 1-1: Ball 2-1: Foul Ball, location: 2F 2-2: Foul Ball, location: 2F 2-2: Fly out, F7 (Flyball, 7, EV 81.9 MPH)
|
Bottom of the 7th over - 0 runs, 0 hits, 0 errors, 1 left on base; Montreal 3 - Texas 10 |
TOP OF THE 8TH |
Montreal Expos batting - Pitching for Texas Rangers : LHP Shelby Rich
|
Batting: RHB Mike Salmon
|
0-0: Called Strike 0-1: Foul Ball, location: 2F 0-2: Ball 1-2: Ball 2-2: Foul Ball, location: 2F 2-2: Ball 3-2: Fly out, F8 (Flyball, 78D, EV 100.0 MPH)
|
Pinch Hitting: RHB Danny Diaz
|
0-0: Ball 1-0: Foul Ball, location: 2F 1-1: Ground out 6-3 (Groundball, 6, EV 83.1 MPH)
|
Batting: RHB Robby Juarez
|
0-0: Called Strike 0-1: Foul Ball, location: 2F 0-2: Foul Ball, location: 2F 0-2: Ball 1-2: Strikes out swinging
|
Top of the 8th over - 0 runs, 0 hits, 0 errors, 0 left on base; Montreal 3 - Texas 10 |
BOTTOM OF THE 8TH |
Texas Rangers batting - Pitching for Montreal Expos : RHP Joel Beggs
|
Now at 3B: Danny Diaz
|
|
Batting: RHB Butch Kaiser
|
0-0: Ball 1-0: Ball 2-0: Foul Ball, location: 2F 2-1: Foul Ball, location: 2F 2-2: Foul Ball, location: 2F 2-2: Foul Ball, location: 2F 2-2: Strikes out looking
|
Batting: RHB Ray Llewellyn
|
0-0: Called Strike 0-1: Ball 1-1: Ball 2-1: Ground out 5-3 (Groundball, 56, EV 82.5 MPH)
|
Batting: RHB Zhao-ji Chi
|
0-0: Called Strike 0-1: Ball 1-1: Ground out 6-3 (Groundball, 6, EV 97.5 MPH)
|
Bottom of the 8th over - 0 runs, 0 hits, 0 errors, 0 left on base; Montreal 3 - Texas 10 |
TOP OF THE 9TH |
Montreal Expos batting - Pitching for Texas Rangers : LHP Shelby Rich
|
Batting: RHB Eugênio Asceno
|
0-0: Ball 1-0: Ball 2-0: Swinging Strike 2-1: DOUBLE (Line Drive, 9LM, EV 108.1 MPH)
|
Pitching: RHP Hector Aguado
|
|
Batting: RHB C.J. Beavers
|
0-0: Ball 1-0: SINGLE (Groundball, 6MD, EV 105.6 MPH) Eugênio Asceno to third
|
Batting: SHB Bran Stark
|
0-0: Ball 1-0: Ball 2-0: Ball Pickoff Throw by Catcher to First - Out! 3-0: Called Strike 3-1: Swinging Strike 3-2: Strikes out swinging
|
Batting: RHB Hugo Bautista
|
0-0: Ball 1-0: Ball 2-0: Fly out, F8 (Line Drive, 78M, EV 87.5 MPH)
|
Top of the 9th over - 0 runs, 2 hits, 0 errors, 1 left on base; Montreal 3 - Texas 10 |
|